AoeStats
← heisenberg

Arabia

510499806Analyzed
1v1 RM · 14h ago on Oct 1, 2026· 60m 32s· 2 players
Game mode
Random Map
Map size
Tiny (2 player)
Population
200
Speed
Normal
Resources
Standard
Victory
Conquest
Starting age
Dark Age
Ending age
Imperial Age
RankedLock teamsTeams togetherTeam positionsShared explorationLock speedFull tech treeHidden civsTurbo modeCheats
Victory
Defeat
🇨🇭 Saracens · Switzerland
1077
+18
🇬🇧 Celts · United Kingdom
1115
-18
Mufasa
7:48 Loom
10:01 Feudal Age
11:15 Double-Bit Axe
15:27 Fletching
18:02 Padded Archer Armor
22:24 Castle Age
20:43 Scale Mail Armor
21:31 Gold Mining
22:01 Horse Collar
22:44 Forging
22:40 Crossbowman
23:18 Bodkin Arrow
23:37 Bow Saw
24:23 Leather Archer Armor
24:08 Pikeman
25:10 Elite Skirmisher
26:38 Light Cavalry
28:03 Heavy Plow
29:44 Chain Mail Armor
30:35 Ballistics
31:15 Husbandry
34:51 Imperial Age
33:55 Iron Casting
33:53 Scale Barding Armor
35:25 Town Watch
36:31 Gold Shaft Mining
36:40 Plate Mail Armor
36:06 Capped Ram
40:00 Conscription
41:34 Chemistry
43:02 Stronghold
45:48 Murder Holes
45:33 Halberdier
47:06 Wheelbarrow
46:28 Stone Mining
46:30 Cavalier
47:49 Hussar
48:58 Masonry
49:56 Furor Celtica
50:20 Chain Barding Armor
51:27 Blast Furnace
53:41 Sanctity
57:36 Ring Archer Armor
heisenberg
7:17 Loom
10:49 Feudal Age
12:59 Horse Collar
13:47 Town Watch
21:46 Castle Age
19:52 Double-Bit Axe
20:23 Fletching
22:42 Husbandry
22:53 Bloodlines
23:38 Gold Mining
24:15 Bow Saw
25:45 Heavy Plow
26:55 Husbandry
29:32 Forging
29:35 Bloodlines
30:39 Fervor
34:17 Bodkin Arrow
34:58 Iron Casting
37:14 Imperial Age
36:40 Wheelbarrow
36:11 Town Patrol
36:47 Wheelbarrow
37:01 Scale Barding Armor
38:56 Stone Mining
39:42 Gold Shaft Mining
39:58 Conscription
39:50 Bimaristan
39:05 Elite Mameluke
39:48 Bracer
39:49 Padded Archer Armor
41:23 Blast Furnace
45:13 Two-Man Saw
44:35 Leather Archer Armor
44:41 Chain Barding Armor
44:33 Light Cavalry
45:50 Ring Archer Armor
45:50 Masonry
46:01 Ballistics
46:42 Chemistry
45:48 Siege Engineers
45:13 Hussar
48:46 Sanctity
49:40 Counterweights
50:06 Hoardings
50:22 Onager
52:15 Murder Holes
58:12 Plate Barding Armor
59:01 Arson
Connection lost

Rejoining the realm…

Still unreachable

The connection could not be restored.

Session expired

The server has moved on; the page needs a fresh start.